 Dungeon Sprint DCSS version 0.31-a0-920-g28cbb04a8c (webtiles) character file.

Game seed: 15763565791511489768

1022 sircluck the Grappler (level 8, -6/92 HPs)
             Began as a Troll Berserker on Oct 17, 2023.
             Was a High Priest of Trog.
             Mangled by a bog body (20 damage)
             ... in the Dungeon (Sprint VII: "The Pits").
             The game lasted 00:01:01 (297 turns).

sircluck the Grappler (Troll Berserker)              Turns: 297, Time: 00:01:01

Health: -6/92      AC:  4    Str: 28    XL:     8   Next: 2%
Magic:  7/7        EV: 12    Int:  3    God:    Trog [*****.]
Gold:   0          SH:  0    Dex:  9    Spells: 7/7 levels left

rFire   . .          .
                       - Unarmed
rCold   . . .        (no shield)
rNeg    . . .        a - +0 animal skin
rPois   .            (helmet restricted)
rElec   .            (no cloak)
rCorr   .            (gloves unavailable)
SInv    .            (boots unavailable)
Will    .....        (no amulet)
Stlth   +            (no ring)
HPRegen 1.15/turn    (no ring)
MPRegen 0.10/turn

%: no teleportation
@: on berserk cooldown, slowed, very slow
A: large, unfitting armour, claws 3, regeneration 1, shaggy fur 1, tough skin 1
a: Renounce Religion, Berserk, Trog's Hand, Brothers in Arms


You were in the Dungeon.
You worshipped Trog.
Trog was extremely pleased with you.
You visited 1 branch

Inventory:

Armour
 a - a +0 animal skin (worn)
Scrolls
 g - a scroll of blinking
 i - 2 scrolls of vulnerability
 j - a scroll of summoning
Potions
 b - 6 potions of curing
 c - 6 potions of heal wounds
 d - a potion of haste
 e - 4 potions of magic
 f - 3 potions of berserk rage
 h - 2 potions of invisibility


   Skills:
 + Level 9.0 Fighting
 + Level 8.9 Dodging
 + Level 10.6 Unarmed Combat


You had 7 spell levels left.
You didn't know any spells.
Your spell library was empty.

Dungeon Overview and Level Annotations

Branches:
Dungeon (1/1)

Altars:
Ashenzari
Cheibriados
Dithmenos
Elyvilon
Fedhas
Gozag
Hepliaklqana
Kikubaaqudgha
Makhleb
Nemelex Xobeh
Okawaru
Qazlal
Ru
Sif Muna
Trog
Uskayaw
Vehumet
Wu Jian
Xom
Yredelemnul
Zin
The Shining One
Jiyva
Lugonu


Innate Abilities, Weirdness & Mutations

You are too large for most types of armour.
You have claws for hands.
Your natural rate of healing is unusually fast.
You are covered in fur. (AC +1)
You have tough skin. (AC +1)


Message History

The orc warrior hits you with a +0 long sword!
You hear some strange, mumbled words.
You are confused.
Your Fighting skill increases to level 9!
You have reached level 8!
You're too confused to move!
The blink frog closely misses you.
You claw the orc warrior!
The orc warrior is heavily wounded.
Something hits you.
The orc warrior hits you with a +0 long sword.
The blink frog barely misses you.
You bump into the metal wall.
Something hits you but does no damage. The orc warrior misses you.
The blink frog hits you.
The blink frog blinks!
You barely miss the bog body. You barely miss the orc warrior.
The orc warrior is heavily wounded.
The orc warrior hits you with a +0 long sword!
* * * LOW HITPOINT WARNING * * *
The bog body closely misses you. Something hits you but does no damage.
You see here a +1 executioner's axe.
You feel a strong urge to attack something.
The bog body barely misses you.
The orc warrior hits you with a +0 long sword!
* * * LOW HITPOINT WARNING * * *
Something hits you.
* * * LOW HITPOINT WARNING * * *
There is an open door, spattered with blood here.
Things that are here:
a +0 mace; a +0 chain mail; an orc corpse Unknown command.
You are no longer berserk.
You are exhausted.
You feel yourself slow down.
The blink frog blinks!
You see here a +1 executioner's axe.
You closely miss the bog body.
You feel less confused. The bog body touches you.
* * * LOW HITPOINT WARNING * * *
The bog body freezes you!!
You die...

#)#.....#'###...<...#
#.#.....)..##.......#
#.#........##.......#
#'###########.......#
#.......# #########
#.......# #####
#...#...# ....#
#..###..#+#{F..#
#...#...#@no...+
#.......#†#o...#
#.......'.#..F.#
################


You could see a bog body, 2 blink frogs, an orc warrior and an orc.

Vanquished Creatures
  2 blink frogs (D)
  A warg (D)
  A floating eye (D)
  A scorpion (D)
  5 wights (D)
  A quasit (D)
  A hound (D)
  An orc wizard (D)
  An adder (D)
  An ufetubus (D)
  5 orcs (D)
  An endoplasm (D)
  2 giant cockroaches (D)
  A goblin (D)
  A giant cockroach zombie (D)
  3 rats (D)
28 creatures vanquished.

Notes
Turn   | Place    | Note
-------+----------+-------------------------------------------
     0 | D        | sircluck the Troll Berserker began the quest for the Orb.
     0 | D        | Reached XP level 1. HP: 22/22 MP: 0/0
    16 | D        | Reached XP level 2. HP: 28/31 MP: 1/1
    20 | D        | Found a bloodstained altar of Trog.
    20 | D        | Found a shimmering blue altar of Sif Muna.
    20 | D        | Found a viscous altar of Jiyva.
    20 | D        | Found a hazy altar of Hepliaklqana.
    20 | D        | Found an opulent altar of Gozag.
    21 | D        | Found a glowing golden altar of the Shining One.
    21 | D        | Found a glowing silver altar of Zin.
    21 | D        | Found a basalt altar of Yredelemnul.
    21 | D        | Found a shimmering altar of Xom.
    21 | D        | Found an ornate altar of the Wu Jian Council.
    21 | D        | Found a sacrificial altar of Ru.
    21 | D        | Found a stormy altar of Qazlal.
    21 | D        | Found an iron altar of Okawaru.
    21 | D        | Found a sparkling altar of Nemelex Xobeh.
    21 | D        | Found a burning altar of Makhleb.
    21 | D        | Found a blossoming altar of Fedhas.
    21 | D        | Found a white marble altar of Elyvilon.
    21 | D        | Found a shadowy altar of Dithmenos.
    21 | D        | Found a snail-covered altar of Cheibriados.
    23 | D        | Found a radiant altar of Vehumet.
    23 | D        | Found a corrupted altar of Lugonu.
    24 | D        | Found a hide-covered altar of Uskayaw.
    24 | D        | Found an ancient bone altar of Kikubaaqudgha.
    24 | D        | Found a broken altar of Ashenzari.
    63 | D        | Reached skill level 4 in Unarmed Combat
    64 | D        | Reached ** piety under Trog
    77 | D        | Noticed a wight
    77 | D        | Noticed a wight
    77 | D        | Noticed a wight
    77 | D        | Noticed a wight
    79 | D        | Killed a wight
    80 | D        | Reached skill level 5 in Unarmed Combat
    80 | D        | Reached XP level 3. HP: 40/40 MP: 2/2
    84 | D        | Reached *** piety under Trog
    94 | D        | Killed a wight
    95 | D        | Reached skill level 5 in Fighting
    95 | D        | Reached skill level 5 in Dodging
    95 | D        | Reached skill level 6 in Unarmed Combat
    95 | D        | Reached XP level 4. HP: 26/50 MP: 3/3
    97 | D        | Reached XP level 5. HP: 33/59 MP: 4/4
   102 | D        | Reached skill level 7 in Unarmed Combat
   102 | D        | Reached **** piety under Trog
   148 | D        | Reached XP level 6. HP: 64/68 MP: 5/5
   193 | D        | Noticed a floating eye
   198 | D        | Paralysed by a floating eye for 3 turns
   203 | D        | Killed a floating eye
   204 | D        | Reached skill level 8 in Unarmed Combat
   209 | D        | Noticed a warg
   225 | D        | Killed a warg
   225 | D        | Reached ***** piety under Trog
   226 | D        | Reached skill level 9 in Unarmed Combat
   227 | D        | Reached XP level 7. HP: 46/79 MP: 6/6
   233 | D        | Received a gift from Trog
   277 | D        | Noticed a blink frog
   277 | D        | Noticed a blink frog
   277 | D        | Noticed a blink frog
   277 | D        | Noticed a blink frog
   277 | D        | Noticed a bog body
   282 | D        | Received a gift from Trog
   286 | D        | Killed a blink frog
   287 | D        | Reached skill level 10 in Unarmed Combat
   288 | D        | Killed a blink frog
   289 | D        | Reached XP level 8. HP: 60/92 MP: 7/7
   297 | D        | Mangled by a bog body

Illustrated notes

Levels and vault maps discovered:
D:        pitsprint [storerooms_1, entrance_room_1, metal_vault_5, armoury_2,
          mini_pit_1, grid_room_1, main_hall_1, silver_pit, the_coven_3,
          the_vestibule_1, steel_vault_1, golden_pit, hallway_of_sentries,
          crystal_vault_2, iron_vault_1, final_vault]

Skill      XL: |  1  2  3  4  5  6  7 |
---------------+----------------------+-----
Fighting       | 3 4 5 6 7 9 |  9.0
Dodging        | 3 4 5 6 7 8 |  8.9
Unarmed Combat | 5 6 7 9 10 | 10.6

Action                     |  1- 3 |  4- 6 |  7- 9 || total
---------------------------+-------+-------+-------++-------
  Melee: Unarmed           |    23 |    20 |    25 ||    68
 Invoke: Berserk           |       |       |     1 ||     1
 Armour: Animal skin       |    19 |     8 |    23 ||    50
  Dodge: Dodged            |    11 |     8 |     9 ||    28

Table legend: (Time is in decaauts)
 A = Elapsed time spent in this place.
 B = Non-inter-level travel time spent in this place.
 C = Inter-level travel time spent in this place.
 D = Time resting spent in this place.
 E = Time spent auto-exploring this place.
 F = Levels seen in this place.
 G = Mean time per level.
                   A        B        C        D        E       F      G
               +--------+--------+--------+--------+--------+-----+--------+
         Total |    283 |    283 |      0 |      3 |    132 |   1 |  283.0 |
       Dungeon |    283 |    283 |      0 |      3 |    132 |   1 |  283.0 |
               +--------+--------+--------+--------+--------+-----+--------+

Top non-repeatable levels by time:
       D: 283 daAuts
